 Dungeon Crawl Stone Soup version 0.28.0-53-g5a82cb258f (webtiles) character file.

Game seed: 9967491784722882951

5670 Descartes the Grappler (level 10, -14/96 HPs)
             Began as a Troll Chaos Knight on July 18, 2022.
             Was a Plaything of Xom.
             Demolished by a sun demon (18 damage)
             ... on level 2 of the Abyss.
             The game lasted 00:16:35 (7038 turns).

Descartes the Grappler (Troll Chaos Knight)         Turns: 7038, Time: 00:16:35

Health: -14/96     AC:  7    Str: 22      XL:     10   Next: 47%
Magic:  4/9        EV:  8    Int:  9 (10) God:    Xom [..*...]
Gold:   443        SH:  0    Dex:  5 (7)  Spells: 9/9 levels left

rFire   . . .      SeeInvis .     - Unarmed
rCold   + . .      Faith    .   (no shield)
rNeg    . . .      Spirit   .   b - +0 ice dragon scales
rPois   .          Reflect  .   (helmet restricted)
rElec   .          Harm     .   (no cloak)
rCorr   .          Rampage  .   (gloves unavailable)
Will    .....                   (boots unavailable)
Stlth   ..........              (no amulet)
HPRegen 1.86/turn               s - ring of fire
MPRegen 0.11/turn               (no ring)

@: no status effects
A: large, unfitting armour, claws 3, regeneration 2, shaggy fur 2, tough skin 1,
hooves 1, clumsy 1, deformed body, deterioration 1, screaming 1, weak 1
a: Renounce Religion


You were on level 2 of the Abyss.
You worshipped Xom.
You were a toy of Xom.
You visited 1 branch of the dungeon, and saw 9 of its levels.
You visited the Abyss 1 time.

You collected 443 gold pieces.

Inventory:

Hand Weapons
 e - a +2 mace of protection
 f - a +4 club
 n - a +3 spear of chaos
 r - a +1 whip of flaming
 t - a +0 giant spiked club
 H - a +0 hand axe of flaming
Missiles
 d - 253 stones (quivered)
 l - 2 curare-tipped darts
 o - 3 throwing nets
 x - 6 boomerangs
 C - 21 poisoned darts
Armour
 a - a +2 robe
 b - +0 ice dragon scales (worn)
 y - an orb of mayhem
Jewellery
 s - a ring of fire (left claw)
 F - an amulet of faith
 I - a +6 ring of intelligence
Wands
 m - a wand of iceblast (27)
 v - a wand of mindburst (9)
 D - a wand of polymorph (19)
Scrolls
 c - 2 scrolls of enchant armour {unknown}
 g - 14 scrolls of identify {unknown}
 h - 3 scrolls of fog {unknown}
 j - 2 scrolls of amnesia {unknown}
 k - 4 scrolls of immolation {unknown}
 p - a scroll of teleportation {unknown}
 q - 2 scrolls of fear {unknown}
 u - 2 scrolls of silence {unknown}
 G - a scroll of noise {unknown}
Potions
 w - a potion of magic {unknown}
 z - 2 potions of lignification {unknown}
 A - 2 potions of flight {unknown}
 B - a potion of invisibility {unknown}
 E - 2 potions of might {unknown}
 J - 2 potions of attraction {unknown}


   Skills:
 + Level 5.5 Fighting
 + Level 4.8 Maces & Flails
 + Level 0.0 Armour
 + Level 5.0 Dodging
 * Level 8.5 Unarmed Combat
 + Level 4.0 Translocations
 + Level 4.0 Transmutations
 + Level 3.7 Evocations


You had 9 spell levels left.
You didn't know any spells.
Your spell library contained the following spells:

 Spells                   Type           Power      Damage    Failure   Level
 Apportation              Tloc           14%        N/A       26%         1
 Animate Skeleton         Necr           0%         N/A       80%         1
 Magic Dart               Conj           0%         1d3       80%         1
 Summon Small Mammal      Summ           0%         N/A       80%         1
 Call Imp                 Summ           0%         N/A       91%         2
 Sublimation of Blood     Necr           0%         N/A       91%         2
 Passage of Golubria      Tloc           7%         N/A       95%         4
 Inner Flame              Hex/Fire       0%         N/A       99%         3
 Mephitic Cloud           Conj/Pois/Air  0%         N/A       99%         3
 Iskenderun's Mystic Bla  Conj/Tloc      3%         2d3       99%         4
 Petrify                  Tmut/Erth      3%         N/A       99%         4
 Cause Fear               Hex            0%         N/A       100%        4
 Fulminant Prism          Conj/Hex       0%         3d6       100%        4
 Irradiate                Conj/Tmut      1%         3d14      100%        5
 Lee's Rapid Deconstruct  Erth           0%         3d5*      100%        5
 Silence                  Hex/Air        0%         N/A       100%        5
 Discord                  Hex            0%         N/A       100%        8
 Lehudib's Crystal Spear  Conj/Erth      0%         10d2      100%        8


Dungeon Overview and Level Annotations

Branches:
Dungeon (9/15)             Temple (0/1) D:4
   Lair: D:8-11         Orc: D:9-12

Altars:
Ashenzari
Elyvilon
Fedhas
Gozag
Nemelex Xobeh
Okawaru
Qazlal
Ru
Sif Muna
Vehumet
Yredelemnul

Shops:
D:8 =

Annotations:
D:9 Erolcha


Innate Abilities, Weirdness & Mutations

You are too large for most types of armour.
You have claws for hands.
You heal very quickly.
You are covered in thick fur. (AC +2)
You have tough skin. (AC +1)
You have large cloven feet.
You are clumsy. (Dex -2)
Armour fits poorly on your strangely shaped body.
Your body sometimes deteriorates upon taking damage.
You occasionally shout uncontrollably at your foes.
You are weak. (Str -2)


Message History

The sun demon closely misses you.
You claw the sun demon! You kick the sun demon.
The sun demon is moderately wounded.
The sun demon hits you!!
You are engulfed in flames!
You mangle the sun demon!!
The sun demon is severely wounded.
The sun demon barely misses you.
You barely miss the sun demon. Your kick misses the sun demon.
The sun demon is severely wounded.
The sun demon hits you but does no damage.
Unknown command.
You scratch the sun demon but do no damage.
The sun demon is severely wounded.
The sun demon barely misses you.
You closely miss the sun demon.
The sun demon is severely wounded.
The great orb of eyes gazes at you.
You are confused.
The sun demon hits you!!
You are engulfed in flames!
Your body deteriorates!
You feel dopey.
You miss the sun demon. Your kick misses the sun demon.
The sun demon is severely wounded.
The sun demon hits you!!
* * * LOW HITPOINT WARNING * * *
You are engulfed in flames!
* * * LOW HITPOINT WARNING * * *
You bump into the stone wall.
The sun demon misses you.
Unknown command.
You feel better. The sun demon barely misses you.
A small abomination comes into view.
The sun demon hits you.
* * * LOW HITPOINT WARNING * * *
You are engulfed in flames!!
* * * LOW HITPOINT WARNING * * *
The great orb of eyes bites you but does no damage.
The sun demon hits you!
* * * LOW HITPOINT WARNING * * *
You are engulfed in flames!!
You die...
Xom bursts into laughter!

#.# ..# §.. #.# #
### ## #.#.... ..#
# #.#
#.###.##.##..
##.####.# #..##..
#.#....@####.#.x.#
#......3.##G..# .
#.....#.G#.#..#
#....###..#.##.
###...#..##.#. .#
#.......#..###.
#......##### ##.
§.......# #.
#..####.# # .


You could see a great orb of eyes and a sun demon.

Vanquished Creatures
  Pikel (D:4)
  The ghost of Peloso the Slasher, a novice MiFi (D:4)
  A smoke demon (Abyss:2)
  A meliai zombie (D:8)
  2 shadows (D:9)
  Sigmund (D:6)
  2 starcursed masses (Abyss:2)
  2 wyverns
  2 large abominations (Abyss:2)
  4 yaks
  A wraith (Abyss:2)
  A water moccasin (D:7)
  An acid dragon (D:9)
  2 orc warriors
  Duvessa (D:5)
  2 black bears
  2 sky beasts
  A necrophage (D:7)
  2 ogres
  A phantom (D:4)
  3 centaurs
  2 lemures (D:4)
  2 kobold brigands
  Blork the orc (D:5)
  3 bullfrogs
  2 scorpions
  A water moccasin skeleton (D:4)
  Dowan (D:5)
  A howler monkey (D:9)
  2 centaur zombies
  3 centaur skeletons
  A jelly (D:6)
  6 orc priests
  2 bullfrog skeletons
  2 hounds
  Terence (D:3)
  Jessica (D:2)
  Ijyb (D:5)
  3 iguanas
  12 orc wizards
  A hound skeleton (D:5)
  3 gnolls
  A howler monkey skeleton (D:5)
  6 adders
  2 white imps
  An ufetubus (D:6)
  An adder skeleton (D:5)
  A worm (D:2)
  32 orcs
  5 ball pythons
  5 bats
  6 endoplasms
  A giant cockroach (D:1)
  14 goblins
  7 hobgoblins
  4 jackals (D:1)
  8 quokkas
  A frilled lizard (D:1)
  13 kobolds
  3 rats (D:1)
196 creatures vanquished.

Vanquished Creatures (collateral kills)
  A wraith (D:9)
  A lemure (D:4)
  An orc (D:8)
3 creatures vanquished.

Vanquished Creatures (others)
  An orc wizard (D:5)
  An orc (D:5)
  A butterfly (D:5)
3 creatures vanquished.

Grand Total: 202 creatures vanquished

Notes
Turn   | Place    | Note
-------+----------+-------------------------------------------
     0 | D:1      | Descartes the Troll Chaos Knight began the quest for the
                  | Orb.
     0 | D:1      | Reached XP level 1. HP: 22/22 MP: 0/0
   116 | D:1      | XOM: potion effect (invisibility)
   128 | D:1      | Reached XP level 2. HP: 29/29 MP: 1/1
   150 | D:1      | XOM: give mutations
   150 | D:1      | Gained mutation: You occasionally shout uncontrollably at
                  | your foes. [Xom's mischief]
   150 | D:1      | Gained mutation: You are clumsy. (Dex -2) [Xom's mischief]
   150 | D:1      | Gained mutation: Your body sometimes deteriorates upon
                  | taking damage. [Xom's mischief]
   150 | D:1      | Lost mutation: You are clumsy. (Dex -2) [Xom's mischief]
   396 | D:1      | Found a faded altar of an unknown god.
   399 | D:1      | Reached XP level 3. HP: 36/36 MP: 2/2
   699 | D:2      | XOM: polymorph rat -> adder
   735 | D:2      | Noticed Jessica
   740 | D:2      | XOM: enchant monster (bad)
   743 | D:2      | Killed Jessica
   744 | D:2      | Reached XP level 4. HP: 38/44 MP: 3/3
   815 | D:2      | XOM: summons 3 hostile demons
   943 | D:2      | Reached skill level 1 in Transmutations
   943 | D:2      | XOM: smoke on damage
  1108 | D:2      | You fall into a shaft and drop 2 floors!
  1151 | D:3      | Reached skill level 1 in Maces & Flails
  1151 | D:3      | Reached skill level 1 in Translocations
  1154 | D:3      | Reached skill level 4 in Unarmed Combat
  1154 | D:3      | Reached XP level 5. HP: 22/53 MP: 4/4
  1207 | D:3      | Noticed Terence
  1230 | D:3      | Killed Terence
  1436 | D:3      | XOM: stat loss: -1 Int (7/8)
  1583 | D:2      | XOM: give mutations
  1583 | D:2      | Gained mutation: You are weak. (Str -2) [Xom's mischief]
  1583 | D:2      | Gained mutation: Armour fits poorly on your strangely
                  | shaped body. [Xom's mischief]
  1583 | D:2      | Gained mutation: You are clumsy. (Dex -2) [Xom's mischief]
  1871 | D:4      | XOM: enchant monster (bad)
  1873 | D:4      | XOM: chaos upgrade
  1904 | D:4      | XOM: divination: detect items
  1970 | D:4      | Found a transporter.
  1970 | D:4      | Noticed Peloso's ghost (novice MiFi)
  1976 | D:4      | Found a transporter.
  2027 | D:4      | Noticed a lemure
  2027 | D:4      | Noticed a lemure
  2027 | D:4      | Noticed Pikel
  2029 | D:4      | XOM: summons friendly white imp
  2029 | D:4      | Noticed a lemure
  2037 | D:4      | Killed a lemure
  2041 | D:4      | Killed a lemure
  2042 | D:4      | XOM: enchant monster (good)
  2042 | D:4      | Noticed a lemure
  2047 | D:4      | XOM: cast spell 'Leda's Liquefaction'
  2049 | D:4      | XOM: confuse monster(s)
  2051 | D:4      | XOM: destruction
  2054 | D:4      | XOM: scenery: 1 doors open, 1 doors close
  2055 | D:4      | Noticed a phantom
  2055 | D:4      | Found a staircase to the Ecumenical Temple.
  2055 | D:4      | Found a blossoming altar of Fedhas.
  2055 | D:4      | XOM: 7-stop teleportation journey
  2065 | D:4      | Killed a lemure
  2188 | D:4      | Reached XP level 6. HP: 59/61 MP: 5/5
  2354 | D:4      | Killed Pikel
  2355 | D:4      | Reached skill level 5 in Unarmed Combat
  2355 | D:4      | Reached skill level 1 in Evocations
  2355 | D:4      | Reached XP level 7. HP: 49/70 MP: 6/6
  2565 | D:4      | Found a stormy altar of Qazlal.
  2620 | D:4      | Found a radiant altar of Vehumet.
  2621 | D:4      | Found an opulent altar of Gozag.
  2621 | D:4      | Found a broken altar of Ashenzari.
  2621 | D:4      | Found an iron altar of Okawaru.
  2622 | D:4      | Found a basalt altar of Yredelemnul.
  2624 | D:4      | Found a shimmering blue altar of Sif Muna.
  2625 | D:4      | Found a sparkling altar of Nemelex Xobeh.
  2661 | D:4      | XOM: give mutations
  2661 | D:4      | Gained mutation: You heal very quickly. [Xom's grace]
  2661 | D:4      | Gained mutation: You have large cloven feet. [Xom's grace]
  2661 | D:4      | Gained mutation: You are covered in thick fur. (AC +2)
                  | [Xom's grace]
  2698 | D:4      | XOM: divination: magic mapping
  2845 | D:4      | Killed Peloso's ghost
  2846 | D:4      | Reached XP level 8. HP: 29/79 MP: 7/7
  2960 | D:5      | Entered Level 5 of the Dungeon
  3086 | D:5      | XOM: summons 5 hostile demons
  3137 | D:5      | Noticed Blork the orc
  3206 | D:4      | XOM: blink monster(s)
  3215 | D:4      | XOM: enchant monster (bad)
  3217 | D:4      | XOM: smoke on damage
  3251 | D:5      | XOM: silly message
  3259 | D:4      | XOM: smoke on damage
  3324 | D:5      | Killed Blork the orc
  3394 | D:5      | Reached skill level 6 in Unarmed Combat
  3399 | D:5      | Noticed Ijyb
  3406 | D:5      | Killed Ijyb
  3467 | D:5      | Reached skill level 5 in Fighting
  3664 | D:5      | Found a white marble altar of Elyvilon.
  3855 | D:6      | Noticed Dowan
  3855 | D:6      | Noticed Duvessa
  3871 | D:5      | Reached XP level 9. HP: 86/88 MP: 8/8
  3873 | D:6      | XOM: fake destruction
  3899 | D:5      | XOM: confuse monster(s)
  3903 | D:5      | Killed Duvessa
  3903 | D:5      | XOM: divination: detect creatures
  3913 | D:5      | Killed Dowan
  4041 | D:6      | Noticed Sigmund
  4053 | D:6      | Killed Sigmund
  4187 | D:6      | XOM: silly message
  4276 | D:6      | XOM: divination: detect creatures
  4389 | D:6      | XOM: silly message
  4456 | D:7      | XOM: divination: detect creatures
  4465 | D:7      | Reached skill level 7 in Unarmed Combat
  4505 | D:7      | XOM: potion effect (might)
  4541 | D:7      | XOM: silly message
  4625 | D:7      | XOM: silly message
  4900 | D:7      | XOM: silly message
  5009 | D:7      | XOM: smoke on damage
  5146 | D:8      | XOM: silly message
  5429 | D:8      | XOM: blink monster(s)
  5431 | D:8      | Found a sacrificial altar of Ru.
  5431 | D:8      | XOM: cast spell 'Summon Ice Beast'
  5536 | D:8      | Reached XP level 10. HP: 96/96 MP: 9/9
  5559 | D:8      | Found Veisim's Jewellery Boutique.
  6115 | D:9      | XOM: cast spell 'Summon Cactus Giant'
  6118 | D:9      | Reached skill level 8 in Unarmed Combat
  6221 | D:9      | XOM: enchant monster (good)
  6226 | D:9      | XOM: potion effect (haste)
  6263 | D:9      | XOM: divination: magic mapping
  6269 | D:9      | XOM: divination: magic mapping
  6368 | D:8      | XOM: god gift: scroll labelled ZOBOEDDE SIUKH {god gift}
  6464 | D:9      | Reached skill level 5 in Dodging
  6499 | D:9      | HP: 3/96 [acid dragon (3)]
  6637 | D:9      | XOM: divination: detect creatures
  6769 | D:9      | Noticed Erolcha
  6771 | D:9      | Cast into level 2 of the Abyss (Erolcha)
  6771 | Abyss:2  | Found a corrupted altar of Lugonu.
  6835 | Abyss:2  | XOM: divination: magic mapping
  6852 | Abyss:2  | XOM: butterfly on damage
  6906 | Abyss:2  | Noticed a starcursed mass
  6909 | Abyss:2  | Noticed a large abomination
  6925 | Abyss:2  | Killed a starcursed mass
  6947 | Abyss:2  | Killed a starcursed mass
  6952 | Abyss:2  | Killed a large abomination
  6968 | Abyss:2  | XOM: divination: detect creatures
  6995 | Abyss:2  | Noticed a smoke demon
  6998 | Abyss:2  | Killed a smoke demon
  7023 | Abyss:2  | Noticed a great orb of eyes
  7023 | Abyss:2  | XOM: potion effect (curing)
  7024 | Abyss:2  | Noticed a sun demon
  7033 | Abyss:2  | HP: 3/96 [sun demon (19)]
  7038 | Abyss:2  | HP: 4/96 [sun demon (9)]
  7038 | Abyss:2  | Demolished by a sun demon

Illustrated notes

Levels and vault maps discovered:
D:1:      roderic_octagonal_star, layout_basic, ebering_ecumenical_altar_hall,
          minmay_misc_feat_nine_boxes
D:2:      layout_loops_ring, uniq_jessica
D:3:      layout_rooms, uniq_terence
D:4:      layout_gridville, minitemple, temple_statues, gammafunk_ghost_arena,
          uniq_pikel
D:5:      layout_loops_ring, nicolae_elyvilon_peaceful_grove, uniq_ijyb,
          uniq_blork_the_orc
D:6:      layout_cave_pools, amethyst_killhole, uniq_sigmund, uniq_duvessa
D:7:      layout_gridville
D:8:      layout_loops_corners, mainiacjoe_overflow_six_doors_small,
          nicolae_take_the_stairs, hangedman_abyss_or_decor_passed
D:9:      layout_gridville, uniq_erolcha
Abyss:2:  base: D:2, minivault_27, hangedman_decor_points, hangedman_abyss_theft

Skill      XL: |  1  2  3  4  5  6  7  8  9 10 |
---------------+-------------------------------+-----
Dodging        | 2 3 4 5 |  5.0
Fighting       | 3 4 5 |  5.5
Transmutations | 1 2 3 4 |  4.0
Maces & Flails | 1 2 3 4 |  4.8
Translocations | 1 2 3 4 |  4.0
Unarmed Combat | 4 5 6 7 8 |  8.5
Evocations     | 1 2 3 |  3.7

Action                   |  1- 3 |  4- 6 |  7- 9 | 10-12 || total
-------------------------+-------+-------+-------+-------++-------
Melee: Unarmed           |    71 |   177 |   334 |   145 ||   727
       Punch             |     1 |     1 |     6 |     9 ||    17
       Kick              |       |       |    68 |    42 ||   110
  Use: Potion            |       |       |     2 |     1 ||     3
 Stab: Invisible         |     3 |       |       |       ||     3
       Confused          |       |       |     2 |       ||     2
Armor: Ice dragon scales |    34 |   105 |   174 |    55 ||   368
Dodge: Dodged            |    15 |    73 |   122 |    54 ||   264
